 Dungeon Crawl Stone Soup version 0.29-a0-352-g0917bc69df (webtiles) character file.

Game seed: 6429766505387953515

928 greenreed the Ducker (level 8, 0/67 HPs)
             Began as a Gnoll Monk on Apr 23, 2022.
             Was a High Priest of Zin.
             Slain by an orc wizard
             ... wielding a +0 dagger
              (4 damage)
             ... on level 5 of the Dungeon.
             The game lasted 00:16:22 (4114 turns).

greenreed the Ducker (Gnoll Monk)                   Turns: 4114, Time: 00:16:22

Health: 0/67       AC: 10    Str: 13    XL:     8   Next: 11%
Magic:  12/12      EV: 19    Int:  9    God:    Zin [*****.]
Gold:   321        SH:  0    Dex: 15    Spells: 13/13 levels left

rFire   . . .      SeeInvis .   x - +1 short sword (venom)
rCold   . . .      Faith    .   (no shield)
rNeg    . . .      Spirit   .   E - +0 steam dragon scales
rPois   .          Reflect  .   r - +0 helmet
rElec   .          Harm     .   (no cloak)
rCorr   +          Rampage  .   k - +1 pair of gloves
Will    .....                   y - +0 pair of boots
Stlth   +.........              u - amulet of regeneration
HPRegen 1.01/turn               g - ring of resist corrosion
MPRegen 0.13/turn               o - +4 ring of evasion

@: confused, lethally poisoned (0 -> -4), on recite cooldown
A: fangs 1, strong nose, distributed training
a: Renounce Religion, Recite, Vitalisation, Imprison, Sanctuary, Donate Gold


You were on level 5 of the Dungeon.
You worshipped Zin.
Zin was extremely pleased with you.
You visited 2 branches of the dungeon, and saw 7 of its levels.
You also visited: Sewer.

You collected 356 gold pieces.
You donated 35 gold pieces to Zin.

Inventory:

Hand Weapons
 a - a +0 mace
 l - a +1 dagger of venom
 x - a +1 short sword of venom (weapon)
 G - a +2 long sword of electrocution
Missiles
 f - 7 poisoned darts (quivered)
Armour
 b - a +0 robe
 k - a +1 pair of gloves (worn)
 r - a +0 helmet (worn)
 y - a +0 pair of boots (worn)
 E - +0 steam dragon scales (worn)
Jewellery
 g - a ring of resist corrosion (left hand)
 j - an amulet of guardian spirit
 o - a +4 ring of evasion (right hand)
 u - an amulet of regeneration (around neck)
Wands
 q - a wand of flame (18)
 C - a wand of charming (7)
Scrolls
 e - a scroll of vulnerability {unknown}
 i - a scroll of torment {unknown}
 n - 4 scrolls of teleportation
 p - a scroll of magic mapping {unknown}
 s - 4 scrolls of blinking {unknown}
 t - 3 scrolls of enchant weapon {unknown}
 w - 2 scrolls of noise {unknown}
 B - a scroll of immolation {unknown}
 D - a scroll of identify
 F - a scroll of enchant armour {unknown}
Potions
 c - a potion of ambrosia
 d - 3 potions of curing {unknown}
 h - 3 potions of heal wounds
 m - 2 potions of mutation {unknown}
 v - 2 potions of cancellation
 z - 2 potions of resistance {unknown}
 A - a potion of degeneration {unknown}


   Skills:
 + Level 7.2 Fighting
 + Level 3.0 Short Blades
 + Level 3.0 Long Blades
 + Level 3.0 Axes
 + Level 7.2 Maces & Flails
 + Level 3.0 Polearms
 + Level 3.0 Staves
 + Level 3.0 Slings
 + Level 3.0 Bows
 + Level 3.0 Crossbows
 + Level 3.0 Throwing
 + Level 3.0 Armour
 + Level 7.2 Dodging
 + Level 5.2 Stealth
 + Level 3.0 Shields
 + Level 3.0 Unarmed Combat
 + Level 3.0 Spellcasting
 + Level 2.4 Conjurations
 + Level 2.4 Hexes
 + Level 2.4 Summonings
 + Level 2.4 Necromancy
 + Level 2.4 Translocations
 + Level 2.4 Transmutations
 + Level 2.4 Fire Magic
 + Level 2.4 Ice Magic
 + Level 2.4 Air Magic
 + Level 2.4 Earth Magic
 + Level 2.4 Poison Magic
 + Level 3.2 Invocations
 + Level 3.0 Evocations


You had 13 spell levels left.
You didn't know any spells.
Your spell library contained the following spells:

 Spells                   Type           Power      Damage    Failure   Level
 Summon Small Mammal      Summ           20%        N/A       12%         1
 Call Canine Familiar     Summ           5%         N/A       34%         3
 Dazzling Flash           Conj/Hex       10%        N/A       34%         3
 Summon Guardian Golem    Hex/Summ       5%         N/A       34%         3
 Iskenderun's Mystic Bla  Conj/Tloc      5%         2d3       75%         4
 Starburst                Conj/Fire      2%         6d3       100%        6


Dungeon Overview and Level Annotations

Branches:
Dungeon (6/15)             Temple (1/1) D:5           Sewer (visited)

Altars:
Ashenzari
Cheibriados
Elyvilon
Fedhas
Hepliaklqana
Makhleb
Nemelex Xobeh
Okawaru
Qazlal
Ru
Trog
Uskayaw
Vehumet
Wu Jian
Xom
Yredelemnul
Zin
The Shining One


Innate Abilities, Weirdness & Mutations

You have very sharp teeth.
Your uncanny sense of smell can sniff out nearby items.
Your experience applies equally to all skills.


Message History

You feel very sick. The orc wizard barely misses you.
The orc warrior hits you with a +1 war axe of venom!
The orc priest looks braver for a moment.
You hit the orc warrior. Your bite misses the orc warrior.
The orc warrior is severely wounded.
You feel sick. The orc wizard completely misses you.
The orc warrior misses you.
The orc priest hits you but does no damage.
You closely miss the orc wizard.
You feel sick.
You kill the orc priest!
The orc wizard points at you and mumbles some strange words.
You are confused.
The orc warrior hits you with a +1 war axe of venom!
* * * LOW HITPOINT WARNING * * *
Your Short Blades skill increases to level 3!
Your Long Blades skill increases to level 3!
Your Axes skill increases to level 3!
Your Polearms skill increases to level 3!
Your Staves skill increases to level 3!
Your Slings skill increases to level 3!
Your Bows skill increases to level 3!
Your Crossbows skill increases to level 3!
Your Throwing skill increases to level 3!
Your Armour skill increases to level 3!
Your Shields skill increases to level 3!
Your Unarmed Combat skill increases to level 3!
Your Spellcasting skill increases to level 3!
Your Evocations skill increases to level 3!
You feel sick.
The orc wizard falters for a moment.
You barely miss the orc wizard.
You feel sick. The orc wizard barely misses you.
The orc warrior hits you with a +1 war axe of venom!
* * * LOW HITPOINT WARNING * * *
You are lethally poisoned!
You barely miss the orc warrior.
The orc warrior is almost dead.
* * * LOW HITPOINT WARNING * * *
You feel sick.
The orc wizard hits you with a +0 dagger.
You die...

............###########.#
.............≈≈≈≈≈≈≈≈≈..#
.............≈≈≈≈.≈≈≈≈..#
...<.....:...≈≈≈≈≈≈≈≈≈.##
...########.############
#### #>........#
#.........# #.....)o..#
#.....@o..# ##.......##
##.....## #######


You could see an orc warrior (very poisoned) and an orc wizard (magic
disrupted).

Vanquished Creatures
  A steam dragon (D:5)
  An orc warrior (D:4)
  An ogre (D:4)
  A phantom (D:5)
  A scorpion (D:3)
  2 jellies
  2 orc priests
  A hound (D:5)
  3 iguanas
  2 orc wizards (D:4)
  A hell rat (Sewer)
  Robin (D:3)
  3 adders
  A gnoll (D:4)
  2 river rats (Sewer)
  An ufetubus (D:4)
  A worm (D:4)
  4 dart slugs
  6 orcs
  12 ball pythons
  4 bats
  3 endoplasms
  5 giant cockroaches
  15 goblins
  8 hobgoblins
  4 jackals (D:2)
  8 kobolds
  5 quokkas
  3 frilled lizards
  9 rats
111 creatures vanquished.

Notes
Turn   | Place    | Note
-------+----------+-------------------------------------------
     0 | D:1      | greenreed the Gnoll Monk began the quest for the Orb.
     0 | D:1      | Reached XP level 1. HP: 23/23 MP: 1/1
    49 | D:1      | Reached XP level 2. HP: 16/29 MP: 2/2
   592 | D:1      | Reached XP level 3. HP: 35/35 MP: 3/3
  1062 | D:2      | Reached skill level 1 in Invocations
  1158 | D:2      | Found a faded altar of an unknown god.
  1217 | D:2      | Reached skill level 1 in Short Blades
  1217 | D:2      | Reached skill level 1 in Long Blades
  1217 | D:2      | Reached skill level 1 in Axes
  1217 | D:2      | Reached skill level 1 in Polearms
  1217 | D:2      | Reached skill level 1 in Staves
  1217 | D:2      | Reached skill level 1 in Slings
  1217 | D:2      | Reached skill level 1 in Bows
  1217 | D:2      | Reached skill level 1 in Crossbows
  1217 | D:2      | Reached skill level 1 in Throwing
  1217 | D:2      | Reached skill level 1 in Armour
  1217 | D:2      | Reached skill level 1 in Shields
  1217 | D:2      | Reached skill level 1 in Unarmed Combat
  1217 | D:2      | Reached skill level 1 in Spellcasting
  1217 | D:2      | Reached skill level 1 in Evocations
  1219 | D:2      | Prayed at the altar of an unknown god.
  1219 | D:2      | Became a worshipper of Zin the Law-Giver
  1219 | D:2      | Reached * piety under Zin
  1219 | D:2      | Reached ** piety under Zin
  1219 | D:2      | Reached *** piety under Zin
  1698 | D:3      | Found a hide-covered altar of Uskayaw.
  1703 | D:3      | Reached XP level 4. HP: 41/41 MP: 5/5
  1775 | D:3      | Noticed Robin
  1811 | D:3      | Killed Robin
  2060 | D:3      | Reached skill level 1 in Conjurations
  2060 | D:3      | Reached skill level 1 in Hexes
  2060 | D:3      | Reached skill level 1 in Summonings
  2060 | D:3      | Reached skill level 1 in Necromancy
  2060 | D:3      | Reached skill level 1 in Translocations
  2060 | D:3      | Reached skill level 1 in Transmutations
  2060 | D:3      | Reached skill level 1 in Fire Magic
  2060 | D:3      | Reached skill level 1 in Ice Magic
  2060 | D:3      | Reached skill level 1 in Air Magic
  2060 | D:3      | Reached skill level 1 in Earth Magic
  2060 | D:3      | Reached skill level 1 in Poison Magic
  2199 | D:3      | Found a sparkling altar of Nemelex Xobeh.
  2330 | D:3      | Noticed a scorpion
  2334 | D:3      | Killed a scorpion
  2335 | D:3      | Reached XP level 5. HP: 41/47 MP: 5/7
  2607 | D:4      | Noticed an orc warrior
  2623 | D:4      | Killed an orc warrior
  2624 | D:4      | Reached XP level 6. HP: 31/53 MP: 4/8
  2883 | D:4      | Reached **** piety under Zin
  3183 | D:4      | Reached XP level 7. HP: 60/60 MP: 10/10
  3271 | D:5      | Entered Level 5 of the Dungeon
  3323 | D:5      | Found a glowing drain.
  3342 | Sewer    | Entered a sewer
  3424 | Sewer    | Reached skill level 5 in Stealth
  3576 | D:5      | Found a staircase to the Ecumenical Temple.
  3602 | Temple   | Entered the Ecumenical Temple
  3824 | D:5      | Noticed a steam dragon
  3840 | D:5      | Killed a steam dragon
  3841 | D:5      | Reached XP level 8. HP: 43/67 MP: 12/12
  3881 | D:5      | Reached ***** piety under Zin
  4114 | D:5      | Slain by an orc wizard

Illustrated notes

Levels and vault maps discovered:
D:1:      sevenhm_arrival_forest_fort_small_3, layout_rooms
D:2:      layout_basic, hellmonk_ecumenical_altar_arch_garden
D:3:      layout_basic, nicolae_uskayaw_suspiria,
          mainiacjoe_overflow_tiny_flanked, dreamdust_princess_corridor,
          uniq_robin
D:4:      layout_cave_pools, grunt_tough_drop
D:5:      layout_rooms, minmay_temple_entry_waves, portal_sewer_entry_f
D:6:      layout_rooms
Temple:   eino_temple_rhombus

Skill      XL: |  1  2  3  4  5  6  7  8 |
---------------+-------------------------+-----
Invocations    | 1 2 3 |  3.2
Short Blades   | 1 2 3 |  3.0
Long Blades    | 1 2 3 |  3.0
Axes           | 1 2 3 |  3.0
Polearms       | 1 2 3 |  3.0
Staves         | 1 2 3 |  3.0
Slings         | 1 2 3 |  3.0
Bows           | 1 2 3 |  3.0
Crossbows      | 1 2 3 |  3.0
Throwing       | 1 2 3 |  3.0
Armour         | 1 2 3 |  3.0
Shields        | 1 2 3 |  3.0
Unarmed Combat | 1 2 3 |  3.0
Spellcasting   | 1 2 3 |  3.0
Evocations     | 1 2 3 |  3.0
Conjurations   | 1 2 |  2.4
Hexes          | 1 2 |  2.4
Summonings     | 1 2 |  2.4
Necromancy     | 1 2 |  2.4
Translocations | 1 2 |  2.4
Transmutations | 1 2 |  2.4
Fire Magic     | 1 2 |  2.4
Ice Magic      | 1 2 |  2.4
Air Magic      | 1 2 |  2.4
Earth Magic    | 1 2 |  2.4
Poison Magic   | 1 2 |  2.4
Fighting       | 7 |  7.2
Maces & Flails | 7 |  7.2
Dodging        | 7 |  7.2
Stealth        | 5 |  5.2

Action                   |  1- 3 |  4- 6 |  7- 9 || total
-------------------------+-------+-------+-------++-------
Melee: Mace              |    26 |       |       ||    26
       Bite              |     8 |    18 |    10 ||    36
       Dagger            |    86 |   143 |       ||   229
       Punch             |     2 |     3 |     1 ||     6
       Short sword       |       |    10 |    96 ||   106
Throw: Dart              |       |     2 |       ||     2
Invok: Vitalisation      |       |     1 |       ||     1
       Recite            |       |     3 |     3 ||     6
  Use: Scroll            |       |     3 |       ||     3
 Stab: Sleeping          |    11 |     3 |     1 ||    15
       Confused          |       |     1 |       ||     1
Armor: Robe              |    19 |    22 |    17 ||    58
       Steam dragon scal |       |       |     5 ||     5
Dodge: Dodged            |    92 |   114 |    71 ||   277

Table legend: (Time is in decaauts)
 A = Elapsed time spent in this place.
 B = Non-inter-level travel time spent in this place.
 C = Inter-level travel time spent in this place.
 D = Time resting spent in this place.
 E = Time spent auto-exploring this place.
 F = Levels seen in this place.
 G = Mean time per level.
                   A        B        C        D        E       F      G
               +--------+--------+--------+--------+--------+-----+--------+
         Total |   4110 |   3956 |    154 |      0 |   2934 |   8 |  513.8 |
       Dungeon |   3792 |   3642 |    150 |      0 |   2749 |   6 |  632.0 |
        Temple |    186 |    182 |      4 |      0 |    158 |   1 |  186.0 |
         Sewer |    131 |    131 |      0 |      0 |     27 |   1 |  131.0 |
               +--------+--------+--------+--------+--------+-----+--------+

Top non-repeatable levels by time:
     D:3: 938 daAuts
     D:2: 880 daAuts
     D:1: 777 daAuts
     D:4: 658 daAuts
     D:5: 532 daAuts
  Temple: 186 daAuts
   Sewer: 131 daAuts
     D:6: 5 daAuts
